 Dungeon Crawl Stone Soup version 0.22-a0-274-gf8199ec (webtiles) character file.

10165 nikopol the Thaumaturge (level 11, -11/56 HPs)
             Began as a Deep Elf Fire Elementalist on Mar 13, 2018.
             Was a Believer of Vehumet.
             Mangled by a shadow (29 damage)
             ... on level 11 of the Dungeon.
             The game lasted 00:40:25 (12636 turns).

nikopol the Thaumaturge (DEFE)                     Turns: 12636, Time: 00:40:27

Health: -11/56     AC:  6    Str:  5    XL:     11   Next: 32%
Magic:  7/30       EV: 30    Int: 24    God:    Vehumet [**....]
Gold:   536        SH:  0    Dex: 15    Spells: 20/36 levels left

rFire    . . .     SeeInvis .   k - staff of wizardry
rCold    + . .     Gourm    .   (no shield)
rNeg     . . .     Faith    .   q - +2 robe {rC+}
rPois    .         Spirit   .   (no helmet)
rElec    .         Reflect  .   f - +0 cloak
rCorr    +         Harm     .   d - +0 pair of gloves
MR       ++...                  (no boots)
Stlth    +++.......             i - amulet of the acrobat
HPRegen  0.18/turn              s - ring of resist corrosion
MPRegen  0.22/turn              r - ring of protection from magic

@: no status effects
A: no striking features
a: Renounce Religion


You were on level 11 of the Dungeon.
You worshipped Vehumet.
Vehumet was pleased with you.
You were very hungry.

You visited 2 branches of the dungeon, and saw 12 of its levels.

You collected 536 gold pieces.

Inventory:

Armour
 d - a +0 pair of gloves (worn)
 f - a +0 cloak (worn)
 q - a +2 robe of cold resistance (worn)
Magical Staves
 k - an uncursed staff of wizardry (weapon)
Jewellery
 i - an amulet of the acrobat (around neck)
 r - a ring of protection from magic (right hand)
 s - a ring of resist corrosion (left hand)
 x - an uncursed amulet of guardian spirit
Wands
 t - a wand of enslavement (13)
 A - a wand of iceblast (6)
 F - a wand of random effects (52)
 J - a wand of paralysis (5)
Scrolls
 b - a scroll of amnesia {unknown}
 m - a scroll of enchant weapon
 n - a scroll of immolation {unknown}
 o - 4 scrolls of magic mapping
 w - 5 scrolls of teleportation
 y - 2 scrolls of remove curse
 C - 3 scrolls of fear {unknown}
 E - a scroll of vulnerability {unknown}
 G - a scroll of blinking {unknown}
 I - a scroll of fog {unknown}
Potions
 e - 3 potions of heal wounds
 g - 4 potions of haste
 h - 4 potions of curing
 l - 2 potions of agility
 u - 2 potions of flight
 z - a potion of lignification {unknown}
 D - a potion of ambrosia {unknown}
 H - a potion of mutation {unknown}
 L - a potion of berserk rage {unknown}
 M - a potion of cancellation {unknown}
Comestibles
 c - 17 rations


   Skills:
 + Level 1.4 Fighting
 + Level 0.4 Staves
 + Level 4.8 Dodging
 + Level 4.7 Stealth
 + Level 13.4 Spellcasting
 + Level 10.1 Conjurations
 + Level 11.3 Fire Magic


You had 20 spell levels left.
You knew the following spells:

 Your Spells              Type           Power        Failure   Level  Hunger
a - Flame Tongue          Conj/Fire      #####        1%          1    None
b - Throw Flame           Conj/Fire      ######       1%          2    None
c - Conjure Flame         Conj/Fire      ######..     1%          3    None
d - Sticky Flame          Conj/Fire      ######..     1%          4    None
e - Fireball              Conj/Fire      ######....   1%          5    ###....
f - Shock                 Conj/Air       ####         1%          1    None


Dungeon Overview and Level Annotations

Branches:
Dungeon (11/15)            Temple (1/1) D:6             Orc (0/2) D:10
   Lair: D:8-11

Altars:
Ashenzari
Cheibriados
Dithmenos
Elyvilon
Fedhas
Hepliaklqana
Kikubaaqudgha
Okawaru
Qazlal
Ru
Sif Muna
Uskayaw
Vehumet
Wu Jian
Xom
Yredelemnul
Zin
The Shining One

Shops:
D:10 *


Message History

Press: ? - help, Shift-Dir - straight line, f/p - hound zombie
Aim: a hound zombie (heavily damaged)
The sticky flame hits the hound zombie.
The hound zombie is severely damaged.
The hound zombie is covered in liquid flames!
The hound zombie burns!
The shadow slips into darkness.
The shadow flickers and vanishes!
Deactivating autopickup; reactivate with Ctrl-A.
The hound zombie barely misses you.
You struggle against the net.
The hound zombie burns!
The hound zombie bites you.
You struggle against the net.
The hound zombie burns!
You destroy the hound zombie!
Vehumet accepts your kill.
You rip the net and break free!
You start resting.
The shadow strikes at you from the darkness!
Ouch! That really hurt!
You die...

....... ....... .......
≈≈# ....... ≈≈# ..÷..
≈≈≈# ... ≈≈≈# 8..
#'###.≈≈ #)
...####..@#.#....
..........§).^... ...
.............#......
.#.##.##.#######.###....
Z...#.#.... #$# ...
....#.#..##### #.# ##
....#.#<.....# #+#
....#.##.....#
Y.5.Y......###


There were no monsters in sight!

Vanquished Creatures
  Harold (D:11)
  Erica (D:8)
  2 two-headed ogres
  A death yak (D:10)
  A troll (D:11)
  A spriggan (D:9)
  A wyvern (D:9)
  10 yaks
  A vampire (D:9)
  5 ice beasts
  4 orc warriors
  4 sky beasts
  2 black bears (D:8)
  2 phantoms
  A necrophage (D:11)
  5 centaurs
  4 ogres
  2 big kobolds
  4 bullfrogs
  The ghost of nikopol the Magician, an amateur DEFE (D:3)
  A water moccasin zombie (D:5)
  3 scorpions
  3 killer bees (D:8)
  A howler monkey (D:7)
  A crimson imp (D:9)
  6 hounds
  Crazy Yiuf (D:2)
  A bullfrog skeleton (D:4)
  3 jellies
  8 orc priests
  2 centaur skeletons (D:9)
  Jessica (D:3)
  Natasha (thrice) (D:2)
  Terence (D:2)
  3 iguanas
  Ijyb (D:4)
  7 orc wizards
  4 worker ants
  A hound zombie (D:11)
  A hound skeleton (D:9)
  A howler monkey zombie (D:6)
  6 gnolls
  11 adders
  3 shadow imps
  2 white imps (D:11)
  2 oozes
  An adder skeleton (D:7)
  3 worms
  2 dart slugs
  7 leopard geckos
  40 orcs
  2 ball pythons
  A bat zombie (D:2)
  4 giant cockroaches
  16 goblins
  9 hobgoblins
  8 jackals
  17 kobolds
  3 quokkas
  3 bats
  8 frilled lizards
  2 quokka zombies
  7 rats
  A rat zombie (D:2)
264 creatures vanquished.

Vanquished Creatures (others)
  A plant (D:11)
1 creature vanquished.

Grand Total: 265 creatures vanquished

Notes
Turn   | Place    | Note
-------+----------+-------------------------------------------
     0 | D:1      | nikopol the Deep Elf Fire Elementalist began the quest for the Orb.
     0 | D:1      | Reached XP level 1. HP: 10/10 MP: 6/6
   201 | D:1      | Reached XP level 2. HP: 15/15 MP: 2/8
   541 | D:1      | Learned a level 2 spell: Throw Flame
   823 | D:1      | Reached XP level 3. HP: 19/19 MP: 7/9
  1023 | D:2      | Noticed Natasha
  1025 | D:2      | Killed Natasha
  1134 | D:2      | Reached XP level 4. HP: 24/24 MP: 6/11
  1257 | D:2      | Found a runed door.
  1261 | D:2      | Noticed Crazy Yiuf
  1269 | D:2      | Learned a level 3 spell: Conjure Flame
  1274 | D:2      | Learned a level 4 spell: Sticky Flame
  1278 | D:2      | Killed Crazy Yiuf
  1278 | D:2      | Reached skill level 4 in Spellcasting
  1278 | D:2      | Reached skill level 5 in Fire Magic
  1427 | D:2      | Found an ancient bone altar of Kikubaaqudgha.
  1507 | D:2      | Reached XP level 5. HP: 28/28 MP: 4/13
  1849 | D:2      | Noticed Natasha
  1860 | D:2      | Killed Natasha
  2029 | D:2      | Noticed Terence
  2037 | D:2      | Killed Terence
  2174 | D:2      | Found a faded altar of an unknown god.
  2174 | D:2      | Found a glowing silver altar of Zin.
  2200 | D:2      | Found an ornate altar of the Wu Jian Council.
  2202 | D:2      | Found a hide-covered altar of Uskayaw.
  2203 | D:2      | Found a faded altar of an unknown god.
  2315 | D:2      | Noticed Natasha
  2318 | D:2      | Killed Natasha
  2318 | D:2      | Reached XP level 6. HP: 32/32 MP: 8/15
  2476 | D:2      | Found a sacrificial altar of Ru.
  2613 | D:3      | Reached skill level 5 in Spellcasting
  2648 | D:3      | Noticed Jessica
  2654 | D:3      | Killed Jessica
  2737 | D:3      | Noticed nikopol's ghost (amateur DEFE)
  2743 | D:3      | Killed nikopol's ghost
  3787 | D:4      | Reached XP level 7. HP: 24/36 MP: 9/17
  3904 | D:4      | Reached skill level 6 in Spellcasting
  4371 | D:4      | Noticed Ijyb
  4373 | D:4      | Killed Ijyb
  4638 | D:5      | Entered Level 5 of the Dungeon
  4867 | D:5      | Learned a level 5 spell: Fireball
  4967 | D:5      | Reached XP level 8. HP: 34/42 MP: 12/20
  4975 | D:5      | Reached skill level 5 in Conjurations
  4976 | D:5      | Reached skill level 7 in Spellcasting
  5303 | D:5      | Found a glowing silver altar of Zin.
  6175 | D:6      | Found a staircase to the Ecumenical Temple.
  6295 | Temple   | Entered the Ecumenical Temple
  6303 | Temple   | Became a worshipper of Vehumet
  6335 | D:6      | Found a shattered altar of Ashenzari.
  6517 | D:6      | Reached skill level 8 in Spellcasting
  7396 | D:7      | Reached XP level 9. HP: 46/46 MP: 7/23
  7531 | D:7      | Reached * piety under Vehumet
  7531 | D:7      | Offered knowledge of Magic Dart by Vehumet.
  7570 | D:7      | Reached skill level 9 in Spellcasting
  8235 | D:8      | Noticed Erica
  8248 | D:8      | Killed Erica
  8248 | D:8      | Reached skill level 1 in Fighting
  8248 | D:8      | Reached skill level 10 in Spellcasting
  9476 | D:8      | Reached skill level 11 in Spellcasting
  9477 | D:8      | Reached XP level 10. HP: 32/52 MP: 13/27
  9750 | D:8      | Noticed a two-headed ogre
  9756 | D:8      | Killed a two-headed ogre
 10119 | D:9      | Reached skill level 10 in Fire Magic
 10391 | D:9      | Reached skill level 12 in Spellcasting
 10460 | D:9      | Noticed a two-headed ogre
 10473 | D:9      | Killed a two-headed ogre
 10810 | D:9      | Offered knowledge of Shock by Vehumet.
 10825 | D:9      | Learned a level 1 spell: Shock
 10874 | D:9      | Identified the Grimoire of Destructive Hexes
 11087 | D:10     | Entered Level 10 of the Dungeon
 11196 | D:10     | Reached ** piety under Vehumet
 11768 | D:10     | Found a staircase to the Orcish Mines.
 11968 | D:10     | Found Sokhuh's Assorted Antiques.
 12063 | D:10     | Reached XP level 11. HP: 56/56 MP: 12/29
 12321 | D:11     | Noticed a death yak
 12330 | D:11     | Offered knowledge of Ignite Poison by Vehumet.
 12395 | D:11     | Reached skill level 13 in Spellcasting
 12405 | D:10     | Killed a death yak
 12626 | D:11     | Noticed Harold
 12630 | D:11     | Killed Harold
 12630 | D:11     | Reached skill level 10 in Conjurations
 12636 | D:11     | Mangled by a shadow

Vault maps used:
D:1:      dpeg_arrival_renting, minmay_pentomino_x4
D:2:      nicolae_ru_path_of_blood, lemuel_zombie_altar_kikubaaqudgha,
          chequers_temple_overflow_minitemple, kennysheep_generic_room_11,
          uniq_crazy_yiuf_cottage, uniq_terence, uniq_natasha
D:3:      uniq_jessica
D:4:      first_ration, saegor_snake_ambush, uniq_ijyb
D:5:      basic_altar
D:6:      lemuel_crystal_altar, temple_green
D:8:      uniq_erica
D:9:      the_bakery, kennysheep_generic_room_4
D:10:     erik_orc_4, serial_shops, kennysheep_little_box
D:11:     minmay_lair_entry_lava, serial_ice, serial_ice_c, serial_ice_g,
          serial_ice_l, serial_ice_f, serial_ice_e, serial_ice_b, serial_ice_d,
          serial_ice_m, serial_ice_n, serial_ice_o, fedhas_altar_1, uniq_harold
Temple:   lightli_temple_of_artemis

Skill      XL: |  1  2  3  4  5  6  7  8  9 10 11 |
---------------+----------------------------------+-----
Fire Magic     | 4 5 6 7 8 9 10 11 | 11.3
Stealth        | 3 4 |  4.7
Spellcasting   | 4 5 6 8 11 12 13 | 13.4
Conjurations   | 2 3 4 6 8 9 10 | 10.1
Dodging        | 3 4 |  4.8
Fighting       | 1 |  1.4
Staves         | |  0.4

Action                   |  1- 3 |  4- 6 |  7- 9 | 10-12 || total
-------------------------+-------+-------+-------+-------++-------
Melee: Unarmed           |     1 |       |       |       ||     1
       Staff             |       |       |    19 |       ||    19
 Cast: Flame Tongue      |    53 |   143 |   192 |   115 ||   503
       Throw Flame       |     3 |     6 |    21 |    23 ||    53
       Conjure Flame     |       |     5 |     6 |     8 ||    19
       Sticky Flame      |       |     3 |    18 |    19 ||    40
       Fireball          |       |       |    16 |    31 ||    47
       Shock             |       |       |       |     6 ||     6
  Use: Scroll            |       |       |     5 |     8 ||    13
       Potion            |       |       |     1 |       ||     1
  Eat: Chunk             |     1 |     8 |    15 |    11 ||    35
       Ration            |       |       |     2 |       ||     2
Armor: Robe              |     5 |    11 |    16 |     8 ||    40
Dodge: Dodged            |    20 |    39 |    97 |    20 ||   176

Table legend:
 A = Spawn XP
 B = Non-spawn XP
 C = Spawn XP percentage of total XP
 D = Spawn monster count
 E = Non-spawn monster count
 F = Spawn count percentage of total count
 G = Total turns spent on level
                    A         B        C        D         E        F      G
               +---------+---------+-------+---------+---------+-------+---------
         Total |       0 |   14522 |   0.0 |       0 |     264 |   0.0 | 12636
               +---------+---------+-------+---------+---------+-------+---------
           D:1 |       0 |      53 |   0.0 |       0 |      28 |   0.0 |  1023
           D:2 |       0 |     352 |   0.0 |       0 |      36 |   0.0 |  1476
           D:3 |       0 |     278 |   0.0 |       0 |      32 |   0.0 |  1078
           D:4 |       0 |     451 |   0.0 |       0 |      15 |   0.0 |  1139
           D:5 |       0 |     659 |   0.0 |       0 |      26 |   0.0 |  1356
           D:6 |       0 |     569 |   0.0 |       0 |      16 |   0.0 |   984
           D:7 |       0 |     844 |   0.0 |       0 |      21 |   0.0 |  1085
           D:8 |       0 |    3266 |   0.0 |       0 |      25 |   0.0 |  1720
           D:9 |       0 |    3259 |   0.0 |       0 |      22 |   0.0 |  1343
          D:10 |       0 |    2665 |   0.0 |       0 |      30 |   0.0 |  1285
          D:11 |       0 |    2126 |   0.0 |       0 |      13 |   0.0 |   126
               +---------+---------+-------+---------+---------+-------+---------
